 Dungeon Crawl Stone Soup version 0.21.1-1-g345015fe64 (webtiles) character file.

141 Khress the Ruffian (level 5, -1/49 HPs)
             Began as a Troll Warper on Feb 13, 2018.
             Was a Follower of Qazlal.
             Killed by nerve-wracking pain
             ... invoked by Grinder
              (5 damage)
             ... while paralysed by Grinder
             ... on level 3 of the Dungeon.
             The game lasted 00:15:06 (2256 turns).

Khress the Ruffian (Troll Warper)                   Turns: 2256, Time: 00:15:07

Health: -1/49      AC:  5    Str: 24    XL:     5   Next: 3%
Magic:  6/6        EV:  1    Int:  9    God:    Qazlal [*.....]
Gold:   147        SH:  0    Dex: 10    Spells: 7/7 levels left

rFire    . . .     SeeInvis .   r - +0 spear
rCold    . . .     Gourm    +   (no shield)
rNeg     . . .     Faith    .   a - +0 robe
rPois    .         Spirit   .   (helmet restricted)
rElec    .         Reflect  .   (no cloak)
rCorr    .         Harm     .   (gloves unavailable)
MR       .....                  (boots unavailable)
Stlth    +.........             (no amulet)
HPRegen  0.56/turn              (no ring)
MPRegen  0.10/turn              (no ring)

@: paralysed, mighty
A: large, unfitting armour, claws 3, fast metabolism 3, gourmand, regeneration
1, shaggy fur 1, tough skin 2
a: Renounce Religion


You were on level 3 of the Dungeon.
You worshipped Qazlal.
Qazlal was aware of your devotion.
You were not hungry.

You visited 1 branch of the dungeon, and saw 3 of its levels.

You collected 147 gold pieces.

Inventory:

Hand Weapons
 e - a +1 club
 i - a +0 short sword
 r - a +0 spear (weapon)
 y - a +0 long sword
 A - a +0 falchion
Missiles
 c - 33 sling bullets
 d - a tomahawk of dispersal (quivered)
 j - 49 bolts
 k - 113 stones
 p - 85 arrows
 t - 6 exploding tomahawks
 u - 12 poisoned needles
Armour
 a - a +0 robe (worn)
 q - a +0 robe
Scrolls
 l - a scroll of remove curse {unknown}
 m - 4 scrolls of identify {unknown}
 o - a scroll of magic mapping {unknown}
 s - 4 scrolls of teleportation {unknown}
 v - a scroll of immolation {unknown}
Potions
 g - 3 potions of lignification {unknown}
 n - a potion of mutation {unknown}
 w - 2 potions of curing {unknown}
 x - a potion of might
 z - 2 potions of degeneration {unknown}
Books
 b - a book of Spatial Translocations

   Spells                             Type                      Level
   a - Blink                          Translocation                2
   b - Shroud of Golubria             Charms/Translocation         2
   c - Lesser Beckoning               Translocation                3
   d - Gell's Gravitas                Translocation                3
   e - Teleport Other                 Translocation                3
   f - Passage of Golubria            Translocation                4
Comestibles
 f - 7 rations
 h - 5 chunks of flesh


   Skills:
 + Level 2.2 Fighting
 + Level 1.5 Polearms
 + Level 1.0 Throwing
 + Level 2.5 Dodging
 + Level 0.5 Stealth
 + Level 2.9 Unarmed Combat
 + Level 1.6 Spellcasting
   Level 2.1 Translocations


You had 7 spell levels left.
You didn't know any spells.

Dungeon Overview and Level Annotations

Branches:
Dungeon (3/15)

Altars:
Fedhas
Hepliaklqana
Qazlal
Xom

Annotations:
D:3 Grinder


Innate Abilities, Weirdness & Mutations

You are too large for most types of armour.
You have claws for hands.
Your metabolism is lightning-fast.
You like to eat raw meat.
Your natural rate of healing is unusually fast.
You are covered in fur. (AC +1)
You have very tough skin. (AC +2)


Message History

You writhe in agony.
* * * LOW HITPOINT WARNING * * *
You hit Grinder.
Grinder is moderately wounded.
Grinder closely misses you.
You hit Grinder but do no damage.
Grinder is moderately wounded.
Grinder hits you but does no damage.
Grinder blinks!
Grinder gestures at you. You resist with significant effort.
You feel very mighty all of a sudden. Grinder gestures at you.
Pain shoots through your body!
* * * LOW HITPOINT WARNING * * *
Grinder gestures at you.
You suddenly lose the ability to move!
Grinder gestures at you. Pain shoots through your body!
You die...

##.#..# #.#
#.#..#####.# ####
#.........#
#...###......###
...#.#...###.##
.........# ..
...##.>.## .### #
#...###...##
#..@.5...#.#
##..###...###
#.####..)[.......
#.......)....####
#########.####
#.# #.# #.# #.#


You could see Grinder.

Vanquished Creatures
  An orc wizard (D:3)
  5 adders
  2 oozes (D:1)
  3 worms
  A dart slug (D:1)
  A leopard gecko (D:3)
  3 orcs (D:3)
  3 giant cockroaches
  5 goblins
  3 hobgoblins
  A quokka (D:3)
  A ball python (D:3)
  7 bats
  4 frilled lizards
  8 kobolds
  6 rats
54 creatures vanquished.

Notes
Turn   | Place    | Note
-------+----------+-------------------------------------------
     0 | D:1      | Khress the Troll Warper began the quest for the Orb.
     0 | D:1      | Reached XP level 1. HP: 19/19 MP: 1/1
   326 | D:1      | Reached XP level 2. HP: 28/28 MP: 3/3
  1010 | D:2      | Found a blossoming altar of Fedhas.
  1010 | D:2      | Found a stormy altar of Qazlal.
  1030 | D:2      | Became a worshipper of Qazlal Stormbringer
  1140 | D:2      | Reached XP level 3. HP: 15/35 MP: 4/4
  1205 | D:2      | Found a shimmering altar of Xom.
  1207 | D:2      | Found a hazy altar of Hepliaklqana.
  1207 | D:2      | Noticed a hungry ghost
  1208 | D:2      | Noticed a spectral ugly thing
  1208 | D:2      | Noticed a hungry ghost
  1804 | D:3      | Reached XP level 4. HP: 41/42 MP: 5/5
  1890 | D:3      | Reached skill level 1 in Polearms
  1953 | D:3      | Reached * piety under Qazlal
  2074 | D:3      | Reached skill level 1 in Throwing
  2209 | D:3      | Reached XP level 5. HP: 18/49 MP: 6/6
  2224 | D:3      | Noticed Grinder
  2224 | D:3      | Paralysed by Grinder for 3 turns
  2250 | D:3      | HP: 1/49 [Grinder/nerve-wracking pain (11)]
  2251 | D:3      | Paralysed by Grinder for 6 turns
  2256 | D:3      | Killed from afar by Grinder

Skill      XL: |  1  2  3  4 |
---------------+-------------+-----
Dodging        | 2 |  2.5
Fighting       | 2 |  2.2
Polearms       | 1 |  1.5
Throwing       | 1 |  1.0
Stealth        | |  0.5
Unarmed Combat | |  2.9
Spellcasting   | |  1.6
Translocations | |  2.1

Action                   |  1- 3 |  4- 6 || total
-------------------------+-------+-------++-------
Melee: Unarmed           |    41 |       ||    41
       Spear             |    98 |    98 ||   196
       Punch             |     1 |     3 ||     4
Throw: Tomahawk          |       |     4 ||     4
  Use: Scroll            |     2 |       ||     2
       Potion            |     2 |     3 ||     5
  Eat: Chunk             |     9 |     2 ||    11
       Ration            |     2 |       ||     2
Armor: Robe              |    60 |    29 ||    89
Dodge: Dodged            |    83 |    62 ||   145
Block: Other             |       |     2 ||     2
